Map: Hardwire LE

Players

Apathy

  • Race: Terran Terran

HypnoScarab - Winner!

  • Race: Protoss Protoss
  • League: Gold

VOD

Have the link to the VOD?

Description

Time

  • Played on: Jan. 29, 2022, 2:56 p.m.
  • Length: 18:54
Show
View Real Time Build Order
Export as new Build Order

Apathy Terran 

Build Orders:  

Get SALT Encoding   

  12  0:01  SCV  
  13  0:13  SCV  
  14  0:19  Supply Depot  
  14  0:25  SCV  
  15  0:41  SCV  
  15  0:42  Barracks  
  16  0:53  SCV  
  17  0:59  Refinery  
  17  1:05  SCV  
  18  1:17  SCV  
  19  1:36  Barracks  
  19  1:40  SCV  
  19  1:42  Supply Depot  
  19  1:45  Marine  
  21  1:54  Barracks  
  21  2:01  Supply Depot  
  21  2:02  Marine  
  21  2:03  SCV  
  23  2:15  SCV  
  24  2:24  Supply Depot, Marine  
  24  2:25  Marine  
  24  2:27  SCV  
  27  2:50  SCV  
  28  2:53  Refinery  
  28  2:56  Command Center  
  28  3:00  Marine  
  28  3:02  SCV, Marine  
  31  3:07  Marine  
  31  3:48  Marine  
  31  3:49  Marine x2  
  34  3:58  SCV  
  35  4:06  Marine x3  
  38  4:14  Orbital Command  
  38  4:24  Marine x3  
  38  5:10  Marine x3  
  38  5:14  SCV  
  38  5:16  SCV  
  40  5:26  SCV  
  40  5:28  SCV, Barracks, Marine x3  
  43  5:29  Barracks  
  45  5:39  SCV  
  45  5:40  SCV  
  46  5:53  Marine  
  46  5:54  Marine x2  
  43  6:11  Marine x2  
  43  6:12  Marine  
  41  6:29  Marine x2  
  38  6:53  Marine x2  
  38  6:54  Marine  
  36  7:11  Marine x3  
  36  7:12  SCV  
  36  7:24  SCV  
  36  7:29  Marine x3  
  40  7:33  Engineering Bay  
  40  7:34  Engineering Bay  
  40  7:36  SCV  
  41  7:47  Marine  
  41  7:48  SCV  
  43  7:53  Marine x3  
  43  7:54  Marine  
  47  8:00  SCV  
  47  8:04  Marine  
  49  8:13  SCV, Missile Turret x2  
  49  8:14  Missile Turret  
  49  8:16  Missile Turret  
  50  8:25  SCV, Missile Turret  
  51  8:27  Missile Turret  
  51  8:35  Barracks Reactor x2, Barracks Tech Lab x2  
  51  8:37  SCV  
  52  8:44  Barracks Reactor  
  52  8:49  SCV, Missile Turret  
  53  8:57  Terran Infantry Weapons Level 1  
  53  8:58  Terran Infantry Armor Level 1  
  53  9:00  Stimpack  
  53  9:01  SCV, Combat Shield  
  54  9:09  Missile Turret  
  50  9:12  Marine  
  50  9:13  SCV, Marine x5  
  41  9:24  Marine x2  
  41  9:25  SCV  
  41  9:30  Marine x2  
  41  9:31  Missile Turret, Marine x4  
  48  9:32  Orbital Command  
  48  9:37  SCV  
  51  9:42  Marine x2  
  53  9:48  Marine x3  
  53  9:49  Command Center, Marine x3, SCV  
  57  10:23  Marine x2  
  57  10:26  Marine x2  
  57  10:27  Marine  
  62  10:48  Barracks  
  62  10:57  Barracks  
  62  11:02  Barracks  
  62  11:04  Supply Depot, Missile Turret  
  62  11:08  Supply Depot  
  62  11:23  Missile Turret  
  62  11:25  SCV, Marine x7  
  70  11:28  Supply Depot  
  70  11:29  Marine  
  70  11:30  Command Center  
  70  11:32  Supply Depot  
  71  11:37  SCV  
  72  11:43  Marine x6  
  78  11:49  Marine x2  
  78  11:50  SCV  
  81  11:54  Supply Depot  
  81  12:01  Marine x2  
  83  12:02  SCV  
  83  12:05  Factory  
  83  12:08  Factory  
  84  12:21  Marauder x2  
  84  12:22  Marine x6  
  94  12:32  Supply Depot  
  94  12:39  Marine  
  94  12:40  Marine  
  94  12:42  Marauder x2  
  100  12:44  Missile Turret  
  87  12:55  Supply Depot  
  73  13:03  Marauder  
  73  13:04  Missile Turret, Marauder  
  73  13:08  Marine  
  73  13:09  Marine x5  
  77  13:17  Supply Depot  
  71  13:24  Missile Turret, Marine x2  
  71  13:26  Reaper, Marine  
  71  13:27  Marine x3  
  75  13:30  Factory Tech Lab  
  75  13:32  Factory Tech Lab  
  78  13:39  Refinery, Supply Depot  
  78  13:40  Planetary Fortress  
  78  13:43  Sensor Tower, Marauder x2  
  82  13:57  SCV x2  
  82  14:01  Barracks Reactor  
  84  14:04  Barracks Reactor, Marauder  
  84  14:09  SCV x2  
  88  14:10  Marine x3  
  88  14:11  Marauder, Marine x2  
  88  14:12  Marine x2  
  97  14:21  SCV x2  
  99  14:25  Siege Tank x2, Marauder  
  99  14:27  Marine  
  99  14:28  Marine  
  99  14:29  Marine x2  
  99  14:30  Marine  
  99  14:31  Marine x2  
  113  14:33  SCV, Marauder  
  113  14:36  Supply Depot  
  117  14:45  Marine x2  
  117  14:47  Marauder, Marine x2  
  122  14:54  Marauder  
  122  14:58  Supply Depot  
  124  15:08  Marauder  
  126  15:14  Armory  
  126  15:15  Marauder, Marine x6  
  126  15:16  Missile Turret, Marine x2  
  126  15:17  Marine x2  
  126  15:18  Marine  
  139  15:22  Supply Depot  
  139  15:27  Siege Tank x2  
  145  15:30  Marauder  
  145  15:32  Marine  
  145  15:33  Marine x4  
  145  15:35  SCV x3, Missile Turret  
  155  15:36  Marine  
  155  15:37  Marauder, Marine x2  
  160  15:44  Supply Depot  
  160  15:45  Supply Depot  
  160  15:47  Refinery, SCV x2  
  162  15:51  Marauder  
  162  15:52  Marine x2  
  166  15:58  Marauder  
  168  16:06  Supply Depot  
  168  16:10  Marine x7  
  168  16:11  Marine x4  
  177  16:12  Marauder  
  181  16:20  Marauder  
  183  16:27  Marine  
  183  16:28  Terran Infantry Weapons Level 2, Marine x7  
  183  16:29  Marine x3, Terran Infantry Armor Level 2  
  183  16:30  Supply Depot  
  194  16:34  Marauder  
  194  16:41  Marauder  
  185  16:52  Supply Depot  
  137  16:55  Marauder  
  127  17:02  Marauder  
  127  17:03  Marine x6  
  127  17:04  Marine x5  
  117  17:16  Supply Depot  
  117  17:17  Marauder  
  103  17:24  Marauder  
  104  17:31  Marine  
  104  17:32  Marine x7  
  98  17:40  Starport x2  
  98  17:41  Starport  
  98  17:48  Starport  
  98  18:08  Thor x2  
  100  18:23  Marine x6  
  100  18:24  Marine x5  
  100  18:25  Marine  
Show
View Real Time Build Order
Export as new Build Order

HypnoScarab Protoss - Winner!

Build Orders: Carriers 

Get SALT Encoding   

  12  0:00  Probe  
  13  0:12  Probe  
  14  0:20  Pylon  
  14  0:24  Probe  
  15  0:38  Probe  
  16  0:43  Pylon  
  16  0:47  Assimilator  
  16  0:50  Probe  
  17  1:02  Probe  
  17  1:03  Gateway  
  18  1:11  Gateway  
  18  1:16  Probe  
  19  1:40  Assimilator  
  19  1:46  Probe  
  20  1:53  Cybernetics Core  
  20  2:06  Nexus  
  20  2:12  Pylon  
  20  2:15  Probe  
  21  2:27  Probe  
  22  2:31  Twilight Council  
  22  2:34  Adept (Chrono Boost)  
  24  2:39  Adept (Chrono Boost)  
  26  2:51  Warp Gate  
  26  3:03  Stargate  
  26  3:05  Pylon  
  24  3:30  Probe (Chrono Boost)  
  23  3:40  Forge, Probe (Chrono Boost)  
  24  3:45  Probe (Chrono Boost)  
  33  3:48  Resonating Glaives (Chrono Boost)  
  26  3:57  Probe (Chrono Boost)  
  26  4:02  Pylon  
  26  4:03  Probe (Chrono Boost)  
  27  4:10  Gateway  
  27  4:11  Gateway, Probe  
  27  4:16  Probe  
  29  4:23  Probe  
  30  4:28  Void Ray (Chrono Boost)  
  29  4:35  Probe  
  31  5:00  Pylon  
  27  5:07  Probe  
  28  5:19  Probe (Chrono Boost)  
  30  5:29  Void Ray, Probe (Chrono Boost)  
  30  5:34  Pylon, Probe (Chrono Boost)  
  35  5:45  Probe (Chrono Boost)  
  35  5:48  Pylon  
  36  5:58  Probe (Chrono Boost)  
  37  6:04  Void Ray (Chrono Boost)  
  37  6:06  Probe (Chrono Boost)  
  38  6:12  Probe  
  38  6:18  Adept x2  
  45  6:21  Protoss Ground Weapons Level 1  
  45  6:24  Probe  
  40  6:39  Adept x2  
  24  6:51  Void Ray  
  24  6:52  Probe  
  18  7:00  Adept x2  
  24  7:04  Probe  
  25  7:10  Probe  
  26  7:16  Probe  
  26  7:21  Pylon  
  26  7:22  Probe, Adept  
  29  7:26  Adept  
  29  7:28  Probe  
  33  7:35  Probe  
  34  7:40  Probe  
  35  7:47  Probe  
  36  7:51  Pylon  
  36  7:52  Probe  
  36  7:55  Adept x2  
  41  7:59  Probe (Chrono Boost)  
  43  8:10  Probe (Chrono Boost)  
  43  8:11  Probe (Chrono Boost)  
  44  8:15  Assimilator  
  44  8:17  Probe (Chrono Boost)  
  44  8:18  Probe (Chrono Boost)  
  46  8:25  Probe (Chrono Boost)  
  47  8:28  Assimilator  
  47  8:31  Pylon  
  47  8:32  Probe (Chrono Boost)  
  48  8:37  Probe (Chrono Boost)  
  49  8:44  Probe (Chrono Boost)  
  49  8:47  Probe  
  51  8:51  Probe  
  51  8:54  Void Ray  
  52  9:00  Probe  
  57  9:03  Probe  
  58  9:12  Probe  
  58  9:13  Adept x2  
  58  9:16  Probe  
  58  9:24  Probe  
  59  9:28  Probe  
  60  9:31  Stargate  
  60  9:40  Probe  
  60  9:42  Gateway  
  60  9:43  Gateway  
  61  9:52  Probe  
  62  10:04  Probe  
  63  10:07  Nexus  
  63  10:09  Assimilator  
  63  10:14  Assimilator  
  63  10:20  Void Ray (Chrono Boost)  
  61  10:24  Adept x2  
  65  10:33  Pylon  
  69  10:36  Pylon  
  69  10:39  Pylon  
  69  10:40  Probe  
  70  10:45  Pylon, Void Ray  
  70  10:52  Probe  
  75  11:06  Pylon, Adept x5  
  75  11:07  Adept  
  87  11:14  Fleet Beacon  
  87  11:21  Void Ray  
  87  11:26  Void Ray  
  95  11:34  Adept x2  
  99  11:43  Probe (Chrono Boost)  
  100  11:49  Pylon  
  100  11:53  Pylon, Probe (Chrono Boost)  
  101  11:58  Probe (Chrono Boost)  
  102  12:02  Protoss Ground Weapons Level 2 (Chrono Boost)  
  102  12:04  Tempest  
  102  12:05  Flux Vanes  
  102  12:06  Void Ray  
  107  12:09  Probe  
  112  12:16  Protoss Air Weapons Level 1 (Chrono Boost)  
  112  12:17  Probe  
  112  12:20  Probe  
  114  12:30  Shield Battery  
  114  12:32  Shield Battery  
  115  12:38  Probe (Chrono Boost)  
  115  12:45  Gateway x2  
  115  12:49  Probe (Chrono Boost)  
  90  12:53  Probe (Chrono Boost)  
  90  12:56  Adept  
  90  12:57  Adept x3  
  77  12:58  Charge  
  70  13:05  Probe (Chrono Boost)  
  66  13:13  Void Ray (Chrono Boost)  
  66  13:14  Void Ray (Chrono Boost), Probe (Chrono Boost)  
  74  13:23  Probe (Chrono Boost)  
  74  13:24  Probe (Chrono Boost)  
  75  13:29  Probe x2 (Chrono Boost), Zealot x4  
  85  13:41  Probe x2  
  87  13:53  Probe x2, Tempest x2 (Chrono Boost)  
  99  14:05  Probe  
  100  14:11  Zealot x4  
  100  14:12  Zealot  
  100  14:14  Nexus  
  100  14:16  Pylon  
  110  14:19  Pylon  
  110  14:35  Shield Battery  
  110  14:36  Pylon  
  110  14:39  Pylon  
  106  14:52  Zealot  
  102  14:53  Zealot x5  
  110  15:02  Templar Archives  
  110  15:06  Carrier (Chrono Boost)  
  110  15:07  Gateway  
  110  15:09  Gateway  
  110  15:12  Carrier (Chrono Boost), Protoss Ground Weapons Level 3  
  122  15:20  Psionic Storm  
  122  15:29  Protoss Air Weapons Level 2 (Chrono Boost)  
  122  15:35  Assimilator  
  122  15:40  Pylon, Assimilator  
  122  15:43  Pylon  
  122  15:58  Shield Battery  
  122  16:01  Shield Battery, Carrier (Chrono Boost)  
  122  16:02  High Templar x3  
  122  16:03  High Templar  
  142  16:12  Carrier (Chrono Boost)  
  142  16:14  Probe (Chrono Boost)  
  143  16:24  Probe (Chrono Boost)  
  144  16:27  High Templar  
  144  16:29  Probe (Chrono Boost)  
  144  16:30  Zealot x3  
  153  16:40  Probe  
  116  16:47  Carrier  
  112  16:58  Zealot x4  
  112  16:59  Zealot x4  
  119  17:20  Gateway  
  119  17:22  Gateway  
  118  17:27  Forge  
  118  17:28  Forge  
  118  17:29  Zealot x3  
  124  17:30  Zealot x5  
  124  17:35  Carrier  
  138  17:39  Probe  
  139  17:52  Probe  
  139  17:53  Probe  
  139  17:55  Zealot x3  
  139  17:56  Zealot x2  
  151  18:25  High Templar x4  
  151  18:26  High Templar x2  
  127  18:49  Zealot x4  
Tags
 
Composition
Carriers
League
Gold
Matchup
PvT
Add a new tag
Caveats
  • Supply blocks, unpowered buildings, or Contaminate may cause inaccurate times.
  • Supply counts are checked every 10 seconds.